 Dungeon Crawl Stone Soup version 0.26.1-11-gd32895ea62 (webtiles) character file.

Game seed: 4358981971651663150

12215 DildoBatman the Geomancer (level 12, -2/89 HPs)
             Began as a Formicid Conjurer on May 17, 2021.
             Was an Elder of Kikubaaqudgha.
             Slain by an orc warrior
             ... wielding a cursed -3 short sword
              (25 damage)
             ... on level 2 of the Orcish Mines.
             The game lasted 00:33:31 (9402 turns).

DildoBatman the Geomancer (Formicid Conjurer)       Turns: 9402, Time: 00:33:32

Health: -2/89      AC:  7    Str: 12    XL:     12   Next: 17%
Magic:  0/31       EV: 13    Int: 23    God:    Kikubaaqudgha [****..]
Gold:   1084       SH:  0    Dex:  9    Spells: 8/25 levels left

rFire    . . .     SeeInvis +   a - +1 flail (protect)
rCold    . . .     Faith    .   (no shield)
rNeg     . . .     Spirit   .   S - +0 steam dragon scales
rPois    .         Reflect  .   (helmet unavailable)
rElec    .         Harm     .   d - +0 cloak
rCorr    .         Rampage  .   (no gloves)
Will     +....                  (no boots)
Stlth    ++........             r - amulet of regeneration
HPRegen  0.64/turn              m - ring of wizardry
MPRegen  0.22/turn              H - ring of magical power

@: no status effects
A: permanent stasis, dig shafts and tunnels, four strong arms, antennae 3
a: Dig, Shaft Self, Renounce Religion, Receive Corpses


You were on level 2 of the Orcish Mines.
You worshipped Kikubaaqudgha.
Kikubaaqudgha was greatly pleased with you.
You visited 2 branches of the dungeon, and saw 11 of its levels.

You collected 1084 gold pieces.

Inventory:

Hand Weapons
 a - a +1 flail of protection (weapon)
 b - a +3 dagger of draining
 e - a +0 spear
Missiles
 g - 296 stones
 h - 5 boomerangs
 l - 234 arrows
 o - 6 curare-tipped darts
 q - 4 boomerangs of dispersal
 w - 52 bolts
 y - 21 poisoned darts (quivered)
 G - 49 sling bullets
Armour
 d - a +0 cloak (worn)
 S - +0 steam dragon scales (worn)
Jewellery
 c - an uncursed ring of positive energy
 m - a ring of wizardry (left hand)
 p - an uncursed ring of fire
 r - an amulet of regeneration (around neck)
 H - a ring of magical power (right hand)
 L - an uncursed ring of willpower
Wands
 B - a wand of flame (10)
 O - a wand of iceblast (28)
 P - a wand of disintegration (11)
Scrolls
 s - 5 scrolls of fear
 t - a scroll of enchant armour {unknown}
 u - a scroll of random uselessness {unknown}
 x - 7 scrolls of remove curse
 z - a scroll of identify
 C - a scroll of immolation {unknown}
 F - 2 scrolls of magic mapping {unknown}
 I - a scroll of vulnerability {unknown}
 J - a scroll of torment {unknown}
 M - a scroll of enchant weapon {unknown}
 N - 2 scrolls of amnesia {unknown}
Potions
 f - 3 potions of might
 i - 2 potions of lignification
 j - a potion of ambrosia {unknown}
 k - 2 potions of flight
 n - 6 potions of curing
 v - a potion of heal wounds {unknown}
 D - a potion of magic {unknown}
 E - a potion of mutation {unknown}
 K - a potion of degeneration {unknown}
Miscellaneous
 Q - a tin of tremorstones (2/2)
 R - a phantom mirror


   Skills:
 * Level 6.7 Fighting
 * Level 6.7 Armour
 * Level 4.8 Dodging
 - Level 2.4 Stealth
 - Level 7.0 Spellcasting
 - Level 6.0 Conjurations
 - Level 9.0 Necromancy
 * Level 11.5 Earth Magic


You had 8 spell levels left.
You knew the following spells:

 Your Spells              Type           Power        Failure   Level
a - Searing Ray           Conj           70%          1%          2
b - Borgnjor's Vile Clut  Necr/Erth      26%          1%          5
c - Magic Dart            Conj           100%         1%          1
d - Vampiric Draining     Necr           24%          1%          3
h - Dispel Undead         Necr           49%          1%          4
z - Sublimation of Blood  Necr           24%          1%          2

Your spell library contained the following spells:

 Spells                   Type           Power        Failure   Level
 Animate Skeleton         Necr           98%          1%          1
 Pain                     Necr           100%         1%          1
 Animate Dead             Necr           24%          1%          4
 Dazzling Flash           Conj/Hex       42%          2%          3
 Agony                    Necr           49%          2%          5
 Fulminant Prism          Conj/Hex       10%          9%          4
 Iskenderun's Mystic Bla  Conj/Tloc      21%          9%          4
 Death Channel            Necr           24%          12%         6
 Simulacrum               Ice/Necr       14%          56%         6


Dungeon Overview and Level Annotations

Branches:
Dungeon (9/15)             Temple (0/1) D:7             Orc (2/2) D:9
   Lair: D:8-11         Elf: Orc:2

Altars:
Ashenzari
Cheibriados
Dithmenos
Elyvilon
Fedhas
Gozag
Kikubaaqudgha
Okawaru
Qazlal
Ru
Uskayaw
Zin
The Shining One
Beogh

Shops:
Orc:2 =

Annotations:
D:6 1 exclusion


Innate Abilities, Weirdness & Mutations

You cannot be hasted, slowed, berserked, paralysed or teleported.
You can dig through walls and to a lower floor.
Your four strong arms can wield two-handed weapons with a shield.
You have a pair of large antennae on your head. (SInv)


Message History

The orc warrior is heavily wounded.
You feel life coursing into your body. The orc warrior closely misses you.
Casting: Vampiric Draining (safe; 1% risk of failure)
Confirm with . or Enter, or press ? or * to list all spells.
You don't have enough magic to cast that spell.
You hit the orc warrior but do no damage.
Your weapon exudes an aura of protection.
The orc warrior is heavily wounded.
The orc warrior barely misses you.
Casting: Vampiric Draining (safe; 1% risk of failure)
Confirm with . or Enter, or press ? or * to list all spells.
Aiming: Borgnjor's Vile Clutch (dangerous; 1% risk of failure)
Press: ? - help, Shift-Dir - straight line, f/p - orc warrior
Aim: an orc warrior, wielding a -3 short sword and wearing a +0 plate armour (heavily wounded, strong, 0% to evade) Zombie hands grab the orc warrior.
The zombie hands constrict the orc warrior.
The orc warrior hits you with a cursed -3 short sword!!
You die...
Kikubaaqudgha rasps: "You have failed me!
Welcome... death!"

..........#.##...##
..#..........##.##
..###.......#####
...###......#
....#......##
............#
.........<.##
.......#.########
........#...))o@#
#.......)########
......#..##
..........#
..........#
...........#
..#####......# ..
ooo....# .P.....##


You could see an orc warrior (strong, clutched).

Vanquished Creatures
  2 two-headed ogres
  2 orc high priests (Orc:2)
  Sonja (Orc:1)
  3 orc knights
  An orc sorcerer (Orc:2)
  Maggie (D:7)
  A tengu conjurer (D:9)
  A shadow (D:9)
  5 yaks
  A wyvern (D:9)
  2 wargs (Orc:1)
  A water moccasin (D:9)
  A black bear (D:9)
  A sky beast (D:8)
  2 necrophages (D:9)
  15 orc warriors
  An eye of draining (D:9)
  2 ice beasts
  2 phantoms (D:9)
  4 ogres
  6 centaurs
  A big kobold (D:9)
  4 bullfrogs
  A water moccasin zombie (D:8)
  A wyvern zombie (D:9)
  7 killer bees
  3 wights (D:9)
  3 howler monkeys
  4 hounds
  4 jellies
  7 orc wizards
  3 orc priests
  3 bullfrog skeletons
  2 centaur skeletons
  6 iguanas
  Ijyb (D:2)
  14 worker ants
  A killer bee zombie (D:7)
  A howler monkey zombie (D:7)
  9 gnolls
  12 adders
  3 white imps
  An ufetubus (D:7)
  4 oozes
  An adder zombie (D:9)
  2 worms
  5 dart slugs
  3 leopard geckos
  40 orcs
  2 giant cockroaches (D:2)
  9 goblins
  8 hobgoblins
  8 jackals
  4 kobolds
  5 quokkas
  A ball python (D:2)
  12 bats
  7 frilled lizards
  A jackal skeleton (D:5)
  2 leopard gecko skeletons
  A quokka skeleton (D:2)
  13 rats
  A rat zombie (D:3)
275 creatures vanquished.

Vanquished Creatures (others)
  A fungus (Orc:2)
1 creature vanquished.

Grand Total: 276 creatures vanquished

Notes
Turn   | Place    | Note
-------+----------+-------------------------------------------
     0 | D:1      | DildoBatman the Formicid Conjurer began the quest for the
                  | Orb.
     0 | D:1      | Reached XP level 1. HP: 13/13 MP: 3/3
   143 | D:1      | Reached XP level 2. HP: 19/19 MP: 3/5
   146 | D:1      | Learned a level 2 spell: Searing Ray
   624 | D:2      | Reached XP level 3. HP: 24/24 MP: 2/6
   832 | D:2      | Found a white marble altar of Elyvilon.
   907 | D:2      | Reached skill level 1 in Armour
   907 | D:2      | Reached XP level 4. HP: 16/31 MP: 2/7
   971 | D:2      | Reached skill level 1 in Fighting
  1114 | D:2      | Found a blossoming altar of Fedhas.
  1119 | D:2      | Reached XP level 5. HP: 32/37 MP: 3/9
  1333 | D:2      | Found an iron altar of Okawaru.
  1850 | D:3      | Noticed Ijyb
  2197 | D:3      | Reached XP level 6. HP: 44/44 MP: 3/11
  2280 | D:3      | Reached skill level 5 in Conjurations
  2678 | D:3      | Found an ancient bone altar of Kikubaaqudgha.
  2692 | D:3      | Became a worshipper of Kikubaaqudgha
  2737 | D:3      | Found a hide-covered altar of Uskayaw.
  2737 | D:3      | Found a shadowy altar of Dithmenos.
  2841 | D:2      | Killed Ijyb
  2899 | D:4      | Found a glowing golden altar of the Shining One.
  3158 | D:4      | Reached XP level 7. HP: 28/50 MP: 6/13
  3610 | D:4      | Reached skill level 5 in Spellcasting
  3711 | D:4      | Found a stormy altar of Qazlal.
  3790 | D:4      | Found an opulent altar of Gozag.
  3892 | D:5      | Entered Level 5 of the Dungeon
  3896 | D:5      | Reached * piety under Kikubaaqudgha
  3896 | D:5      | Identified Kikubaaqudgha's Guide on Unholy Rituals
                  | (Kikubaaqudgha gifted it to you on level 5 of the Dungeon)
  3896 | D:5      | Received a gift from Kikubaaqudgha
  3901 | D:5      | Learned a level 2 spell: Sublimation of Blood
  3905 | D:5      | Learned a level 3 spell: Vampiric Draining
  3973 | D:5      | Reached skill level 1 in Necromancy
  3973 | D:5      | Reached XP level 8. HP: 56/56 MP: 15/16
  4303 | D:5      | Found a glowing silver altar of Zin.
  4487 | D:5      | Found a sacrificial altar of Ru.
  5406 | D:7      | Found a staircase to the Ecumenical Temple.
  5433 | D:7      | Reached XP level 9. HP: 58/64 MP: 18/18
  5488 | D:7      | Reached ** piety under Kikubaaqudgha
  5749 | D:7      | Reached skill level 5 in Fighting
  5749 | D:7      | Reached skill level 5 in Armour
  5754 | D:7      | Reached skill level 5 in Necromancy
  5906 | D:7      | Noticed Maggie
  5917 | D:7      | Killed Maggie
  5918 | D:7      | Reached XP level 10. HP: 71/74 MP: 11/20
  6129 | D:7      | Found a snail-covered altar of Cheibriados.
  7396 | D:8      | Reached *** piety under Kikubaaqudgha
  7396 | D:8      | Identified Kikubaaqudgha's Collected Works on Evil Secrets
                  | (Kikubaaqudgha gifted it to you on level 8 of the Dungeon)
  7396 | D:8      | Received a gift from Kikubaaqudgha
  7403 | D:8      | Learned a level 4 spell: Dispel Undead
  7409 | D:8      | Learned a level 5 spell: Borgnjor's Vile Clutch
  7410 | D:8      | Found a broken altar of Ashenzari.
  7436 | D:8      | Reached skill level 1 in Earth Magic
  7516 | D:8      | Reached skill level 2 in Earth Magic
  7703 | D:9      | Noticed a two-headed ogre
  7730 | D:9      | Killed a two-headed ogre
  7731 | D:9      | Reached skill level 4 in Earth Magic
  7780 | D:9      | Reached skill level 5 in Earth Magic
  8027 | D:9      | Reached skill level 6 in Earth Magic
  8228 | D:9      | Found a staircase to the Orcish Mines.
  8257 | D:9      | Reached skill level 7 in Earth Magic
  8303 | D:9      | Noticed a two-headed ogre
  8326 | D:8      | Killed a two-headed ogre
  8327 | D:8      | Reached skill level 8 in Earth Magic
  8327 | D:8      | Reached XP level 11. HP: 51/79 MP: 20/21
  8381 | D:9      | Reached skill level 9 in Earth Magic
  8485 | D:9      | Reached **** piety under Kikubaaqudgha
  8508 | D:9      | Reached skill level 10 in Earth Magic
  8628 | Orc:1    | Entered Level 1 of the Orcish Mines
  8628 | Orc:1    | Noticed an orc knight
  8649 | D:9      | Killed an orc knight
  8997 | Orc:1    | Found a roughly hewn altar of Beogh.
  8997 | Orc:1    | Noticed Sonja
  9008 | Orc:1    | Noticed an orc knight
  9035 | Orc:1    | Killed an orc knight
  9136 | Orc:1    | Reached skill level 11 in Earth Magic
  9138 | Orc:1    | Killed Sonja
  9268 | Orc:2    | Entered Level 2 of the Orcish Mines
  9268 | Orc:2    | Found Joaboneam's Jewellery Shop.
  9268 | Orc:2    | Noticed an orc high priest
  9268 | Orc:2    | Noticed an orc high priest
  9275 | Orc:2    | Killed an orc high priest
  9276 | Orc:2    | Killed an orc high priest
  9277 | Orc:2    | Reached XP level 12. HP: 84/88 MP: 13/22
  9402 | Orc:2    | Slain by an orc warrior

Illustrated notes

Levels and vault maps discovered:
D:1:      dpeg_arrival_fog, layout_rooms, st_stairs_7, interstate_on_off,
          minmay_liquid_box, bh_walls_and_bars
D:2:      minmay_evil_eye, layout_basic, overflow_temple_1_default,
          okawaru_metal_pillars_3, old_standard_altar
D:3:      layout_basic, lemuel_zombie_altar_kikubaaqudgha,
          gammafunk_temple_overflow_elements, uniq_ijyb
D:4:      minmay_wonky_spiral, layout_basic, tso_oasis_becter,
          grunt_gozag_breadcrumbs, marbit_many_paths, minmay_close_crescents
D:5:      layout_cave_pools, zin_scriptorium, general_overflow_altar,
          eino_tiny_chamber
D:6:      layout_basic, minmay_misc_feat_room, kennysheep_boxes
D:7:      layout_loops_ring, nicolae_overflow_crystal_walls,
          minmay_temple_entry_drinking_statues, lemuel_old_faithful, uniq_maggie
D:8:      layout_basic, ashenzari_conservatory_becter
D:9:      minmay_blocky_corners, layout_irregular_city, david_orc_2
Orc:1:    layout_diamond_mine, nicolae_orc_sculptors_studio,
          amcnicky_altar_gilded, uniq_sonja
Orc:2:    grunt_orc_gardens, layout_diamond_mine, grunt_orc_garden,
          grunt_orc_garden, grunt_orc_garden, grunt_orc_garden

Skill      XL: |  1  2  3  4  5  6  7  8  9 10 11 |
---------------+----------------------------------+-----
Conjurations   | 4 5 6 |  6.0
Armour         | 1 2 3 5 6 |  6.7
Fighting       | 1 2 3 5 6 |  6.7
Spellcasting   | 3 4 5 6 7 |  7.0
Necromancy     | 1 3 6 9 |  9.0
Dodging        | 2 3 4 |  4.8
Earth Magic    | 8 11 | 11.5
Stealth        | |  2.4

Action                   |  1- 3 |  4- 6 |  7- 9 | 10-12 || total
-------------------------+-------+-------+-------+-------++-------
Melee: Club              |    21 |       |       |       ||    21
       Unarmed           |     2 |       |       |       ||     2
       Flail             |       |    62 |    57 |   107 ||   226
       Dagger            |       |     5 |       |       ||     5
Throw: Dart              |       |       |       |    13 ||    13
 Cast: Magic Dart        |    37 |    40 |    30 |    42 ||   149
       Searing Ray       |     3 |    19 |    46 |    33 ||   101
       Vampiric Draining |       |       |    17 |    13 ||    30
       Sublimation of Bl |       |       |     3 |    12 ||    15
       Borgnjor's Vile C |       |       |       |    46 ||    46
       Dispel Undead     |       |       |       |     6 ||     6
 Abil: Dig               |       |    10 |    17 |    19 ||    46
  Use: Scroll            |       |       |     2 |     9 ||    11
 Stab: Sleeping          |     2 |     2 |     2 |     2 ||     8
Armor: Robe              |    12 |    34 |    29 |       ||    75
       Steam dragon scal |       |       |       |    40 ||    40
Dodge: Dodged            |    32 |    65 |    78 |   117 ||   292
